AoeStats
← jcdmf0312

Arena

510095735Analyzed
4v4 RM · 2d ago on Sep 29, 2026· 47m 57s· 8 players
Game mode
Random Map
Map size
Large (8 player)
Population
200
Speed
Normal
Resources
Standard
Victory
Conquest
Starting age
Dark Age
Ending age
Imperial Age
RankedLock teamsTeams togetherTeam positionsShared explorationLock speedFull tech treeHidden civsTurbo modeCheats
Victory
Defeat
🇹🇷 Hindustanis · Türkiye
858
+13
🇹🇼 Cumans · Taiwan
854
+13
🇰🇿 Mongols · Kazakhstan
846
+13
🇦🇷 Persians · Argentina
744
+17
🇬🇧 Lithuanians · United Kingdom
802
-15
🇨🇳 Persians · China
789
-14
🇨🇳 Khmer · China
773
-14
🇻🇳 Franks · Vietnam
761
-13
Benthebrit20
12:11 Feudal Age
12:36 Horse Collar
12:44 Double-Bit Axe
19:45 Castle Age
duchuy2442
11:00 Feudal Age
15:49 Double-Bit Axe
20:53 Castle Age
24:22 Castle Age
34:50 Wheelbarrow
34:23 Pikeman
伐伐伐伐木工
11:24 Feudal Age
16:21 Castle Age
14:34 Double-Bit Axe
16:06 Horse Collar
19:30 Bow Saw
26:58 Gold Mining
26:58 Stone Mining
33:35 Wheelbarrow
33:54 Pikeman
34:34 Squires
37:10 Man-at-Arms
37:36 Gambesons
41:45 Loom
42:16 Hand Cart
story
4:23 Loom
12:26 Feudal Age
15:08 Castle Age
13:17 Double-Bit Axe
13:14 Horse Collar
17:38 Bow Saw
YAMAHA
1:13 Loom
11:09 Feudal Age
17:05 Castle Age
15:52 Double-Bit Axe
15:59 Horse Collar
21:12 Wheelbarrow
21:52 Heavy Plow
22:05 Bow Saw
22:23 Scale Mail Armor
22:34 Forging
25:10 Pikeman
25:51 Squires
33:04 Hand Cart
33:00 Gold Mining
37:30 Imperial Age
35:30 Chain Mail Armor
37:58 Iron Casting
38:42 Conscription
39:33 Two-Man Saw
38:54 Elite Ghulam
41:24 Blast Furnace
41:00 Arson
SUZUKI
1:12 Loom
12:23 Feudal Age
14:08 Double-Bit Axe
14:50 Gold Mining
24:35 Castle Age
26:40 Gold Shaft Mining
28:25 Bow Saw
30:00 Horse Collar
32:38 Heavy Plow
37:06 Imperial Age
35:10 Scale Barding Armor
35:06 Scale Mail Armor
35:16 Forging
36:24 Stone Mining
37:29 Chain Barding Armor
37:25 Chain Mail Armor
39:36 Wheelbarrow
38:47 Town Watch
39:16 Caravan
40:03 Crop Rotation
40:36 Two-Man Saw
40:51 Ballistics
41:32 Chemistry
40:28 Murder Holes
41:14 Plate Barding Armor
41:09 Plate Mail Armor
41:15 Iron Casting
40:31 Fletching
40:42 Padded Archer Armor
41:19 Squires
41:04 Arson
40:40 Pikeman
41:43 Bloodlines
41:56 Hand Cart
41:42 Town Patrol
41:58 Masonry
41:33 Elite Steppe Lancer
43:37 Capped Ram
44:36 Heated Shot
46:47 Conscription
46:30 Steppe Husbandry
47:07 Hoardings
46:02 Sappers
45:57 Elite Kipchak
46:05 Elite Kipchak
Кизяка
9:08 Feudal Age
9:36 Double-Bit Axe
9:36 Horse Collar
16:14 Castle Age
14:52 Gold Mining
17:27 Bow Saw
19:04 Heavy Plow
23:29 Stone Mining
27:50 Imperial Age
28:41 Wheelbarrow
27:52 Town Watch
27:52 Loom
28:46 Gold Shaft Mining
31:33 Hand Cart
36:52 Scale Barding Armor
36:47 Scale Mail Armor
36:58 Forging
36:41 Fletching
36:52 Padded Archer Armor
37:18 Ballistics
37:59 Chemistry
36:56 Murder Holes
37:06 Town Patrol
39:09 Stone Shaft Mining
38:04 Onager
39:09 Chain Barding Armor
39:24 Iron Casting
38:16 Heavy Camel Rider
39:00 Husbandry
39:11 Bloodlines
38:24 Light Cavalry
39:17 Hussar
40:43 Thumb Ring
39:59 Elite Skirmisher
40:02 Heavy Cavalry Archer
40:38 Heavy Cavalry Archer
41:43 Parthian Tactics
41:47 Conscription
44:25 Blast Furnace
43:20 Bodkin Arrow
43:40 Leather Archer Armor
44:42 Siege Onager
jcdmf0312
0:32 Loom
11:11 Feudal Age
11:41 Double-Bit Axe
18:42 Castle Age
17:24 Gold Mining
18:16 Stone Mining
20:01 Bow Saw
22:42 Scale Barding Armor
25:59 Bloodlines
25:50 Husbandry
26:12 Chain Barding Armor
26:03 Forging
28:31 Wheelbarrow
27:42 Town Watch
29:31 Pikeman
30:14 Squires
29:59 Gambesons
30:00 Arson
30:45 Scale Mail Armor
32:53 Fletching
33:39 Iron Casting
33:27 Hand Cart
33:13 Town Patrol
35:34 Chain Mail Armor
Connection lost

Rejoining the realm…

Still unreachable

The connection could not be restored.

Session expired

The server has moved on; the page needs a fresh start.